 Dungeon Crawl Stone Soup version 0.21-a0-504-g2eda33064f (webtiles) character file.

8 Kaname the Magician (level 2, 19/19 HPs)
             Began as a Demonspawn Wizard on Nov 25, 2017.
             Quit the game on level 1 of the Dungeon.
             The game lasted 00:01:35 (251 turns).

Kaname the Magician (Demonspawn Wizard)              Turns: 251, Time: 00:01:36

Health: 19/19      AC:  2    Str:  7    XL:     2   Next: 0%
Magic:  3/6        EV: 12    Int: 19    God:
Gold:   15         SH:  0    Dex: 13    Spells: 6/7 levels left

rFire    . . .     SeeInvis .   g - +0 short sword
rCold    . . .     Gourm    .   (no shield)
rNeg     . . .     Faith    .   a - +0 robe
rPois    .         Spirit   .   b - +0 hat
rElec    .         Reflect  .   (no cloak)
rCorr    .         Harm     .   (no gloves)
MR       .....                  (no boots)
Stlth    ++........             (no amulet)
HPRegen  0.06/turn              (no ring)
MPRegen  0.10/turn              (no ring)

@: no status effects
A: thin skeletal structure 1
a: no special abilities


You were on level 1 of the Dungeon.
You were not hungry.

You visited 1 branch of the dungeon, and saw 1 of its levels.

You collected 15 gold pieces.

Inventory:

Hand Weapons
 g - a +0 short sword (weapon)
Armour
 a - a +0 robe (worn)
 b - a +0 hat (worn)
Scrolls
 e - a scroll of identify (quivered) {unknown}
 h - a scroll of enchant armour {unknown}
 i - a scroll of fog {unknown}
 j - 3 scrolls of remove curse {unknown}
Potions
 k - a potion of lignification {unknown}
Books
 c - a book of Minor Magic

   Spells                             Type                      Level
   a - Magic Dart                     Conjuration                  1
   b - Blink                          Translocation                2
   c - Call Imp                       Summoning                    2
   d - Slow                           Hexes                        2
   e - Conjure Flame                  Conjuration/Fire             3
   f - Mephitic Cloud                 Conjuration/Poison/Air       3
Comestibles
 d - a bread ration
 f - 4 fruits


   Skills:
 - Level 1.7 Dodging
 - Level 1.7 Stealth
 - Level 3.0 Spellcasting
 + Level 2.1 Conjurations
   Level 1.0 Summonings
   Level 0.8 Translocations


You had 6 spell levels left.
You knew the following spells:

 Your Spells              Type           Power        Failure   Level  Hunger
a - Magic Dart            Conj           ##..         6%          1    None


Dungeon Overview and Level Annotations

Branches:
Dungeon (1/15)

Altars:


Innate Abilities, Weirdness & Mutations

You have a somewhat thin skeletal structure. (Dex +2, Stealth)


Message History

Casting: Magic Dart
Confirm with . or Enter, or press ? or * to list all spells.
Aiming: Magic Dart
Press: ? - help, Shift-Dir - straight line, f - rat
Aim: a rat The magic dart hits the rat.
You kill the rat!
You have reached level 2!
Your demonic ancestry asserts itself...
Your bones become slightly less dense.
Quiver which item? (- for none, * to show all) (? for menu, Esc to quit)
You don't have any such object.
Quiver which item? (- for none, * to show all) (? for menu, Esc to quit)
Quivering
e - a scroll labeled CIONERIXTY for throwing.
Unknown command.
Unknown command.
Quiver which item? (- for none, * to show all) (? for menu, Esc to quit)
Okay, then.
Unknown command.
Are you sure you want to abandon this character and quit the game? (Confirm with "yes".)

..# #...# #..#
#.###...##### #..##
#.......(...###...#
...............)#.#
............#####.#
..###.#.#########.#
####.###.# #......#
#$# #.##.###>.# ##
# ## #@.# .#. #..#
######.# ....(
.......# †#....#
.##[##.# .........
....##.# #.
#.#..### .#.#.#)#
.. .....# ..###..#
.# ...[>. .##
##.####.##.


There were no monsters in sight!

Vanquished Creatures
  A hobgoblin (D:1)
  2 kobolds (D:1)
  A bat (D:1)
  2 frilled lizards (D:1)
  3 rats (D:1)
9 creatures vanquished.

Notes
Turn   | Place    | Note
-------+----------+-------------------------------------------
     0 | D:1      | Kaname the Demonspawn Wizard began the quest for the Orb.
     0 | D:1      | Reached XP level 1. HP: 13/13 MP: 4/4
   249 | D:1      | Gained mutation: You have a somewhat thin skeletal structure. (Dex +2, Stealth) [demonic ancestry]
   249 | D:1      | Reached XP level 2. HP: 19/19 MP: 3/6
   251 | D:1      | Quit the game

Vault maps used:
D:1:      mrwooster_arrival_statue_3

Skill      XL: |  1 |
---------------+----+-----
Conjurations   | 2 |  2.1
Dodging        | |  1.7
Stealth        | |  1.7
Spellcasting   | |  3.0
Summonings     | |  1.0
Translocations | |  0.8

Action                   || total
-------------------------++-------
 Cast: Magic Dart        ||    16
Dodge: Dodged            ||     3

Table legend:
 A = Spawn XP
 B = Non-spawn XP
 C = Spawn XP percentage of total XP
 D = Spawn monster count
 E = Non-spawn monster count
 F = Spawn count percentage of total count
 G = Total turns spent on level
                    A         B        C        D         E        F      G
               +---------+---------+-------+---------+---------+-------+---------
         Total |       0 |      12 |   0.0 |       0 |       9 |   0.0 |   251
               +---------+---------+-------+---------+---------+-------+---------
           D:1 |       0 |      12 |   0.0 |       0 |       9 |   0.0 |   251
               +---------+---------+-------+---------+---------+-------+---------
